 Dungeon Crawl Stone Soup version 0.30-a0-373-gd37427bb62 (webtiles) character file.

Game seed: 16007026377236350476

105 sanka the Shooter (level 4, 0/34 HPs)
             Began as a Demigod Hexslinger on Nov 23, 2022.
             Slain by a kobold brigand
             ... wielding a +0 dagger
              (2 damage)
             ... in a sewer.
             The game lasted 00:03:38 (2195 turns).

sanka the Shooter (Demigod Hexslinger)              Turns: 2195, Time: 00:03:39

Health: 0/34       AC:  2    Str: 11    XL:     4   Next: 29%
Magic:  8/8        EV: 12    Int: 15    God:
Gold:   89         SH:  0    Dex: 18    Spells: 4/5 levels left

rFire   . . .      SeeInvis .    a - +1 sling
rCold   . . .      Faith    .    (no shield)
rNeg    . . .      Spirit   .    c - +0 robe
rPois   .          Reflect  .    (no helmet)
rElec   .          Harm     .    (no cloak)
rCorr   +          Rampage  .    (no gloves)
Will    .....                    (no boots)
Stlth   ++........               (no amulet)
HPRegen 0.25/turn                (no ring)
MPRegen 0.11/turn                m - ring of resist corrosion

@: no status effects
A: high MP 1, forlorn, divine attributes
a: no special abilities


You were in a sewer.
You visited 1 branch of the dungeon, and saw 3 of its levels.
You also visited: Sewer.

You collected 89 gold pieces.


Innate Abilities, Weirdness & Mutations

You have an increased reservoir of magic. (+10% MP)
You shall have no god before yourself.
Your divine heritage dramatically boosts your attributes as you level up.


   Skills:
 - Level 0.8 Fighting
 + Level 4.4 Ranged Weapons
 - Level 1.7 Dodging
 - Level 1.0 Spellcasting
 - Level 2.6 Hexes


You had 4 spell levels left.
You knew the following spells:

 Your Spells              Type           Power      Damage    Failure   Level
z - Slow                  Hex            32%        N/A       9%          1

Your spell library contained the following spells:

 Spells                   Type           Power      Damage    Failure   Level
 Inner Flame              Hex/Fire       4%         N/A       38%         3
 Portal Projectile        Hex/Tloc       8%         N/A       38%         3
 Cause Fear               Hex            4%         N/A       63%         4
 Anguish                  Hex/Necr       2%         N/A       80%         4
 Enfeeble                 Hex            4%         N/A       100%        7

Inventory:

Hand Weapons
 a - a +1 sling (weapon)
Armour
 c - a +0 robe (worn)
Jewellery
 m - a ring of resist corrosion (right hand)
Scrolls
 b - a scroll of poison {!r}
 d - a scroll of immolation {unknown}
 e - 2 scrolls of identify {unknown}
 f - a scroll of fear {unknown}
 g - 2 scrolls of teleportation {unknown}
 h - a scroll of magic mapping {unknown}
 i - a scroll of noise {unknown}
Potions
 j - a potion of haste {unknown}
 k - a potion of invisibility {unknown}
 l - a potion of mutation {unknown}
 n - a potion of attraction {unknown}
 o - a potion of lignification {unknown}

Dungeon Overview and Level Annotations

Branches:
Dungeon (3/15)              Sewer (1/1)

Shops:
D:3

? ▒▒▒▒▒▒▒ ▒▒▒.
▒▒▒▒▒†~~~.▒ .~~..
▒▒▒▒▒▒▒~~..~▒▒▒▒▒ ~~~.~
▒▒...~.~~▒▒▒.~~~.▒ ~...▒
▒~~~~~~~~▒ ▒▒▒▒▒▒▒
~~~~▒▒▒▒.~~..~~~▒▒▒.~~~.
~~~.~▒▒.~.~▒▒▒▒~pK~†▒
~~.~...~.~▒▒ ▒▒▒▒▒.~~~.
.~.~.~.~~▒▒ ▒▒▒
..~..~.~~▒ .∩.~~~~~~▒
.......~.▒ ~...~..~~▒
~...~..~..▒ ~~.~~▒▒~~~.▒


You could see a kobold brigand.


Message History

The kobold brigand hits you with a +0 dagger.
The kobold brigand splashes around in the water.
You shoot a sling bullet.
The sling bullet closely misses the kobold brigand.
The kobold brigand hits you with a +0 dagger!
* * * LOW HITPOINT WARNING * * *
You shoot a sling bullet.
The sling bullet hits the kobold brigand but does no damage.
The kobold brigand is heavily wounded.
The kobold brigand barely misses you.
You shoot a sling bullet.
The sling bullet closely misses the kobold brigand.
The kobold brigand splashes around in the water.
You shoot a sling bullet.
The sling bullet hits the kobold brigand.
The kobold brigand is severely wounded.
The kobold brigand hits you with a +0 dagger.
* * * LOW HITPOINT WARNING * * *
You shoot a sling bullet.
The sling bullet hits the kobold brigand.
The kobold brigand is severely wounded.
The kobold brigand hits you with a +0 dagger!
* * * LOW HITPOINT WARNING * * *
The kobold brigand hits you with a +0 dagger.
* * * LOW HITPOINT WARNING * * *
You shoot a sling bullet.
The sling bullet hits the kobold brigand but does no damage.
The kobold brigand is severely wounded.
The kobold brigand hits you with a +0 dagger.
You die...

Action                   |  1- 3 |  4- 6 || total
-------------------------+-------+-------++-------
 Fire: Sling             |   156 |    66 ||   222
Armor: Robe              |    25 |       ||    25
Dodge: Dodged            |    80 |     6 ||    86

Levels and vault maps discovered:
D:1:      roderic_octagonal_star, layout_basic, nrook_mini_backslash,
          hangedman_decor_diamond_cutter
D:2:      minmay_inner_zag, layout_basic, basic_altar, minmay_misc_feat_pillars
D:3:      layout_loops_corners, grunt_temple_overflow_gold_and_silver,
          serial_shops, nicolae_shop_window_shopping,
          cheibrodos_sewer_entry_drain, reono_crystal_passage
Sewer:    sewer_co_tree

Notes
Turn   | Place    | Note
-------+----------+-------------------------------------------
     0 | D:1      | sanka the Demigod Hexslinger began the quest for the Orb.
     0 | D:1      | Reached XP level 1. HP: 15/15 MP: 4/4
   137 | D:1      | Reached skill level 2 in Ranged Weapons
   278 | D:1      | Reached XP level 2. HP: 22/22 MP: 5/5
   673 | D:1      | Reached skill level 3 in Ranged Weapons
  1126 | D:2      | Reached XP level 3. HP: 25/27 MP: 6/6
  1561 | D:2      | Reached skill level 4 in Ranged Weapons
  1854 | D:3      | Found Woirikk's Magic Scroll Shop.
  1883 | D:3      | Reached XP level 4. HP: 33/34 MP: 8/8
  2069 | D:3      | Found a glowing drain.
  2131 | Sewer    | Entered a sewer
  2175 | Sewer    | Noticed a kobold brigand
  2194 | Sewer    | HP: 2/34 [kobold brigand/+0 dagger (7)]
  2195 | Sewer    | Slain by a kobold brigand

Vanquished Creatures
  3 adders
  4 worms
  3 dart slugs
  4 bats
  4 endoplasms
  5 goblins
  6 hobgoblins
  4 jackals (D:2)
  7 kobolds
  2 quokkas (D:1)
  11 ball pythons
  2 frilled lizards (D:1)
  5 rats
60 creatures vanquished.

Vanquished Creatures (others)
  A bat (D:2)
1 creature vanquished.

Grand Total: 61 creatures vanquished
